 Seeded DCSS version 0.29.1-15-g9cfb28693d (webtiles) character file.

Game seed: 11023886108871794540 (custom seed)

159 Gelion the Shield-Bearer (level 5, -5/42 HPs)
             Began as a Formicid Fighter on Mar 21, 2023.
             Killed by divine providence
             ... invoked by an orc priest
              (13 damage)
             ... on level 3 of the Dungeon.
             The game lasted 00:06:13 (3106 turns).

Gelion the Shield-Bearer (Formicid Fighter)         Turns: 3106, Time: 00:06:13

Health: -5/42      AC:  8    Str: 20    XL:     5   Next: 68%
Magic:  5/5        EV: 10    Int:  8    God:
Gold:   144        SH:  5    Dex: 17    Spells: 4/4 levels left

rFire   . . .      SeeInvis +   a - +0 long sword
rCold   . . .      Faith    .   c - +0 buckler
rNeg    . . .      Spirit   .   k - +3 ring mail of the Distant Future {Dex+2}
rPois   .          Reflect  .   (helmet unavailable)
rElec   .          Harm     .   (no cloak)
rCorr   .          Rampage  .   (no gloves)
Will    .....                   (no boots)
Stlth   +.........              (no amulet)
HPRegen 0.14/turn               (no ring)
MPRegen 0.09/turn               (no ring)

@: no status effects
A: permanent stasis, dig shafts and tunnels, antennae 3, four strong arms
a: Dig, Shaft Self


You were on level 3 of the Dungeon.
You visited 1 branch of the dungeon, and saw 4 of its levels.

You collected 144 gold pieces.

Inventory:

Hand Weapons
 a - a +0 long sword (weapon)
Armour
 c - a +0 buckler (worn)
 k - the +3 ring mail of the Distant Future (worn) {Dex+2}
   (You found it on level 3 of the Dungeon)

   Dex:       It affects your dexterity (+2).
Scrolls
 b - a scroll of teleportation {unknown}
 e - a scroll of identify {unknown}
 f - a scroll of enchant weapon {unknown}
 g - a scroll of vulnerability {unknown}
 h - 2 scrolls of fear {unknown}
 i - a scroll of summoning {unknown}
 l - a scroll of immolation {unknown}
 m - a scroll of butterflies {unknown}
Potions
 d - a potion of might
 j - 2 potions of resistance {unknown}


   Skills:
 + Level 4.1 Fighting
 * Level 3.7 Long Blades
 + Level 4.1 Armour
 + Level 4.9 Shields


You had 4 spell levels left.
You didn't know any spells.
Your spell library was empty.

Dungeon Overview and Level Annotations

Branches:
Dungeon (4/15)
 Temple: D:4-7

Altars:
Fedhas
Nemelex Xobeh


Innate Abilities, Weirdness & Mutations

You cannot be hasted, slowed, berserked, paralysed or teleported.
You can dig through walls and to a lower floor.
You have a pair of large antennae on your head. (SInv)
Your four strong arms can wield two-handed weapons with a shield.


Message History

You see here a +0 falchion.
There is a stone staircase leading down here.
You start resting.
HP restored.
You climb downwards.
The orc priest completely misses you.
There is a stone staircase leading up here.
You hit the orc priest.
The orc priest is lightly wounded.
The orc priest invokes the aid of Beogh against you.
Beogh smites you!
The orc priest hits you but does no damage.
You closely miss the orc priest.
The orc priest hits you but does no damage. x2
You barely miss the orc priest.
The orc priest calls down the wrath of Beogh upon you.
Beogh smites you!
The orc priest hits you with a +0 dagger of protection.
You hit the orc priest.
The orc priest is moderately wounded.
The orc priest calls down the wrath of Beogh upon you.
Beogh smites you!
* * * LOW HITPOINT WARNING * * *
The orc priest misses you.
The orc priest hits you but does no damage.
The orc priest barely misses you. The orc priest barely misses you.
The orc priest hits you but does no damage.
You climb upwards.
There is a stone staircase leading down here.
The orc priest attacks as you move away!
The orc priest completely misses you.
The orc priest calls down the wrath of Beogh upon you.
Pain shoots through your body!
* * * LOW HITPOINT WARNING * * *
Unknown command.
The orc priest attacks as you move away!
The orc priest closely misses you.
The orc priest calls down the wrath of Beogh upon you.
Beogh smites you!
You die...

####..###.###........
#....###.###........
####.......##........#
#...[....####.........
#########.......## #.........
#.......#.>).....# ##.........
#.......#...o..#.###..........
#.......#.o.......#..#########
#............@................
#.......#.....................
#.......#...#.###...#######...
#.......#...#.# #...## ##...
########..###.# #.(..## #....
#....## #.# ##.#.)## #.###
#.#### #.###..##..###.### #.#
#.......##........ ##.#
#..####........###


You could see 2 orc priests.

Vanquished Creatures
  An orc wizard (D:3)
  6 adders (D:2)
  An ufetubus (D:3)
  A worm (D:3)
  A dart slug (D:3)
  3 orcs
  6 bats
  10 endoplasms
  6 goblins
  5 hobgoblins
  3 jackals (D:1)
  4 quokkas
  2 ball pythons
  5 frilled lizards
  5 kobolds
  7 rats
66 creatures vanquished.

Notes
Turn   | Place    | Note
-------+----------+-------------------------------------------
     0 | D:1      | Gelion the Formicid Fighter began the quest for the Orb.
     0 | D:1      | Reached XP level 1. HP: 18/18 MP: 1/1
   344 | D:1      | Reached XP level 2. HP: 24/24 MP: 2/2
   739 | D:1      | Reached XP level 3. HP: 23/29 MP: 3/3
  1329 | D:2      | Found a faded altar of an unknown god.
  1379 | D:2      | Reached XP level 4. HP: 6/37 MP: 4/4
  1382 | D:2      | HP: 1/37 [poisoned by an adder]
  1931 | D:2      | Found a blossoming altar of Fedhas.
  1973 | D:2      | Reached XP level 5. HP: 38/42 MP: 5/5
  2355 | D:3      | Found a sparkling altar of Nemelex Xobeh.
  2477 | D:3      | Identified the +3 ring mail of the Distant Future {Dex+2}
  3106 | D:3      | Killed from afar by an orc priest

Illustrated notes

Levels and vault maps discovered:
D:1:      grunt_arrival_lava_bath, layout_loops_ring
D:2:      layout_basic, ebering_ecumenical_altar_webs, basic_altar
D:3:      layout_rooms, mainiacjoe_overflow_alcove_1
D:4:      layout_rooms

Skill      XL: |  1  2  3  4  5 |
---------------+----------------+-----
Long Blades    | 3 |  3.7
Fighting       | 4 |  4.1
Armour         | 4 |  4.1
Shields        | |  4.9

Action                   |  1- 3 |  4- 6 || total
-------------------------+-------+-------++-------
Melee: Long sword        |    96 |   111 ||   207
  Use: Potion            |     4 |       ||     4
Armor: Scale mail        |    46 |    44 ||    90
       Ring mail         |       |    10 ||    10
Dodge: Dodged            |    45 |    69 ||   114
Block: Buckler           |    26 |    30 ||    56
